 Dungeon Crawl Stone Soup version 0.27.1-34-g3ba077fa99 (webtiles) character file.

Game seed: 1296281725174242669

97 soggyman666 the Sneak (level 4, -2/21 HPs)
             Began as a Spriggan Enchanter on Jan 9, 2022.
             Slain by Terence (4 damage)
             ... on level 3 of the Dungeon.
             The game lasted 00:12:51 (2797 turns).

soggyman666 the Sneak (Spriggan Enchanter)          Turns: 2797, Time: 00:13:01

Health: -2/21      AC:  2    Str:  4    XL:     4   Next: 42%
Magic:  7/10       EV: 18    Int: 16    God:
Gold:   133        SH:  0    Dex: 16    Spells: 5/9 levels left

rFire    x . .     SeeInvis +   c - +3 quick blade
rCold    + . .     Faith    .   (shield restricted)
rNeg     . . .     Spirit   .   b - +0 robe
rPois    .         Reflect  .   (helmet restricted)
rElec    .         Harm     .   (no cloak)
rCorr    .         Rampage  .   (gloves unavailable)
Will     .....                  (boots unavailable)
Stlth    +++.......             (no amulet)
HPRegen  0.07/turn              d - ring of ice
MPRegen  0.12/turn              (no ring)

@: very quick
A: very small, no large weapons, unfitting armour, see invisible, speed 3
a: no special abilities


You were on level 3 of the Dungeon.
You visited 1 branch of the dungeon, and saw 3 of its levels.

You collected 133 gold pieces.

Inventory:

Hand Weapons
 c - a +3 quick blade (weapon)
 h - a +0 short sword
Armour
 b - a +0 robe (worn)
Jewellery
 d - a ring of ice (left hand)
Wands
 f - a wand of flame (7)
Scrolls
 a - 4 scrolls of identify
 e - 4 scrolls of amnesia
Potions
 g - 2 potions of degeneration {unknown}
 i - a potion of curing {unknown}


   Skills:
 + Level 0.4 Fighting
 + Level 2.0 Short Blades
 + Level 3.5 Dodging
 + Level 5.2 Stealth
 + Level 3.4 Spellcasting
 + Level 4.6 Hexes


You had 5 spell levels left.
You knew the following spells:

 Your Spells              Type           Power      Damage    Failure   Level
a - Corona                Hex            18%        N/A       2%          1
b - Confusing Touch       Hex            17%        N/A       9%          3

Your spell library contained the following spells:

 Spells                   Type           Power      Damage    Failure   Level
 Tukima's Dance           Hex            17%        N/A       9%          3
 Ensorcelled Hibernation  Hex/Ice        30%        N/A       11%         2
 Summon Small Mammal      Summ           8%         N/A       19%         1
 Dazzling Flash           Conj/Hex       20%        N/A       21%         3
 Summon Guardian Golem    Hex/Summ       10%        N/A       21%         3
 Passwall                 Tmut/Erth      1%         N/A       26%         2
 Call Canine Familiar     Summ           2%         N/A       47%         3
 Swiftness                Air            2%         N/A       47%         3
 Invisibility             Hex            8%         N/A       99%         6


Dungeon Overview and Level Annotations

Branches:
Dungeon (3/15)

Altars:
Ru

Annotations:
D:3 Terence


Innate Abilities, Weirdness & Mutations

You are very small and have problems with some larger weapons.
You are too small for most types of armour.
You have supernaturally acute eyesight. (SInv)
You cover ground extremely quickly. (Speed+++)


Message History

Your Short Blades skill increases to level 2!
You closely miss the ball python.
Casting: Corona (safe; 2% risk of failure)
Confirm with . or Enter, or press ? or * to list all spells.
Aiming: Corona (safe; 2% risk of failure)
Press: ? - help, Shift-Dir - straight line, f - ball python
Aim: a ball python (chance to affect: 71%)
The ball python is outlined in light.
The ball python completely misses you. The ball python barely misses you.
The ball python bites you. The ball python closely misses you.
You hit the ball python.
You kill the ball python!
No target in view!
You now have 118 gold pieces (gained 13).
You see here a ball python corpse.
You now have 133 gold pieces (gained 15).
Casting: Corona (safe; 2% risk of failure)
Confirm with . or Enter, or press ? or * to list all spells.
The spell is quite dangerous to cast (9% risk of failure)!
Continue anyway?
Your hands begin to glow red.
The adder hisses angrily.
Terence barely misses you.
You hit Terence but do no damage. You hit Terence but do no damage.
Terence hits you with a +3 trident of flaming!
Terence burns you.
You hit Terence but do no damage.
Terence appears confused.
You hit Terence but do no damage. Terence misses you.
You catch the helpless Terence completely off-guard!
You hit Terence.
Terence is moderately wounded.
Terence gestures wildly.
The adder barely misses you.
You catch the helpless Terence completely off-guard!
You puncture Terence!
Terence is severely wounded.
Terence hits you with a +3 trident of flaming!
* * * LOW HITPOINT WARNING * * *
Terence burns you.
You die...

#...........# ..............
#..†..................)......
#.........................)..
.....$..................#†###.
....#.........######..###.#.....
#...##........## #...###.#.....
#...##..>...#.# #.#.##.....###
..........#...######.#........#
...........S@.>...........#
#...#..###@##...........##
..##...#.####.#......>††...##
.......#.#..................#
.......<.#.####............##
.#....†.....###............#
...#........................# .
#.........###............#
........#..............##..#


You could see Terence (confused) and an adder.

Vanquished Creatures
  An orc wizard (D:3)
  2 adders
  5 worms
  3 orcs (D:3)
  2 endoplasms
  A giant cockroach (D:1)
  4 goblins
  3 hobgoblins
  2 kobolds
  2 quokkas
  7 ball pythons
  5 bats
  3 rats
40 creatures vanquished.

Vanquished Creatures (others)
  5 plants
5 creatures vanquished.

Grand Total: 45 creatures vanquished

Notes
Turn   | Place    | Note
-------+----------+-------------------------------------------
     0 | D:1      | soggyman666 the Spriggan Enchanter began the quest for the
                  | Orb.
     0 | D:1      | Reached XP level 1. HP: 9/9 MP: 5/5
   486 | D:1      | Found a faded altar of an unknown god.
   856 | D:1      | Reached XP level 2. HP: 11/13 MP: 5/7
  1132 | D:2      | Identified a scroll of acquirement
  1132 | D:2      | Acquired a +3 quick blade
  1470 | D:2      | Reached XP level 3. HP: 16/16 MP: 6/8
  1569 | D:2      | Learned a level 3 spell: Confusing Touch
  1900 | D:2      | Reached skill level 5 in Stealth
  1958 | D:3      | Noticed Terence
  2294 | D:3      | Found a sacrificial altar of Ru.
  2414 | D:3      | Reached XP level 4. HP: 13/21 MP: 5/10
  2797 | D:3      | Slain by Terence

Illustrated notes

Levels and vault maps discovered:
D:1:      moated_graveyard_arrival, layout_loops_ring,
          shapermc_ecumenical_altar_petra
D:2:      layout_basic, guppyfry_early_lair_pool
D:3:      layout_rooms, nicolae_ru_sacrificial_ziggurat, corexii_shack,
          roderic_serpentine_path, palyth_stone_intersect,
          uniq_crazy_yiuf_cottage, uniq_terence

Skill      XL: |  1  2  3  4 |
---------------+-------------+-----
Spellcasting   | 3 |  3.4
Dodging        | 3 |  3.5
Hexes          | 4 |  4.6
Stealth        | 5 |  5.2
Short Blades   | 2 |  2.0
Fighting       | |  0.4

Action                   |  1- 3 |  4- 6 || total
-------------------------+-------+-------++-------
Melee: Dagger            |    40 |       ||    40
       Quick blade       |    85 |    33 ||   118
 Cast: Corona            |    36 |     8 ||    44
       Confusing Touch   |     6 |     1 ||     7
  Use: Scroll            |     4 |       ||     4
       Potion            |     1 |       ||     1
 Stab: Sleeping          |     1 |       ||     1
       Confused          |     6 |     2 ||     8
Armor: Robe              |    11 |     1 ||    12
Dodge: Dodged            |    62 |    16 ||    78
